 Dungeon Crawl Stone Soup version 0.31-a0-165-g3f4f80340b (webtiles) character file.

Game seed: 3702984487403142933

96 qw the Shooter (level 4, -2/28 HPs)
             Began as a Gargoyle Hunter on June 13, 2023.
             Killed from afar by an orc wizard (10 damage)
             ... with a magic dart
             ... on level 3 of the Dungeon.
             The game lasted 00:00:46 (1461 turns).

qw the Shooter (Gargoyle Hunter)                    Turns: 1461, Time: 00:00:46

Health: -2/28      AC:  6    Str: 11 (14) XL:     4   Next: 67%
Magic:  4/4        EV: 12    Int:  8 (10) God:
Gold:   10         SH:  0    Dex: 20 (21) Spells: 3/3 levels left

rFire   . . .        Y - +0 shortbow
rCold   . . .        (shield currently unavailable)
rNeg    + . .        c - +0 leather armour
rPois   inf          (no helmet)
rElec   +            (no cloak)
rCorr   .            (no gloves)
SInv    .            (no boots)
Will    .....        (no amulet)
Stlth   +            m - +6 ring of dexterity
HPRegen 0.24/turn    (no ring)
MPRegen 0.09/turn

%: no passive effects
@: confused
A: sickness immunity, AC +3, negative energy resistance 1, electricity
resistance, torment resistance 1, petrification resistance
a: no special abilities


You were on level 3 of the Dungeon.
You visited 1 branch of the dungeon, and saw 3 of its levels.

You collected 115 gold pieces.
You spent 105 gold pieces at shops.


Innate Abilities, Weirdness & Mutations

You are immune to sickness and miasma.
Your stone body is resilient. (AC +3)
You are immune to poison.
You resist negative energy. (rN+)
You are resistant to electric shocks. (rElec)
You are resistant to unholy torment.
You are immune to petrification.


   Skills:
 - Level 3.0 Fighting
 + Level 5.6 Ranged Weapons
 - Level 1.5 Dodging
 - Level 1.1 Stealth


You had 3 spell levels left.
You didn't know any spells.
Your spell library was empty.

Inventory:

Hand Weapons
 Y - a +0 shortbow (weapon)
Armour
 a - a +2 leather armour of willpower
 c - a +0 leather armour (worn)
Jewellery
 m - a +6 ring of dexterity (left hand)
Potions
 d - a potion of attraction {unknown}
 k - a potion of enlightenment {unknown}
 l - a potion of brilliance {unknown}

Dungeon Overview and Level Annotations

Branches:
Dungeon (3/15)

Altars:

Shops:
D:2 (   D:3 ?[


Message History

The orc wizard is almost dead.
You shoot an arrow.
The arrow completely misses the orc wizard.
A rat comes into view.
An orc comes into view.
It is wielding a +0 trident and wearing the orb "Vapaz" {*channel, *Corrode Int+4 Dex+3}.
You shoot an arrow. The arrow barely misses the orc wizard.
The orc shouts!
The orc wizard casts a spell at you. The puff of flame hits you.
You shoot an arrow.
The arrow hits the orc wizard but does no damage.
The orc wizard is almost dead.
The orc wizard hits you but does no damage.
You shoot an arrow.
The arrow hits the orc wizard but does no damage.
The orc wizard is severely wounded.
The orc hits you with a +0 hand axe.
The orc wizard gestures at you while chanting.
You are confused.
The orc hits you with a +0 hand axe.
The orc wizard gestures at you while chanting.
You are more confused.
The orc misses you.
The orc wizard hits you with a +0 dagger.
The orc barely misses you. The orc wizard casts a spell at you.
The magic dart hits you but does no damage.
The orc hits you but does no damage.
The orc wizard hits you but does no damage.
The orc hits you with a +0 hand axe.
The orc wizard hits you but does no damage.
The orc hits you but does no damage.
The orc wizard points at you and mumbles some strange words.
The magic dart hits you! The orc hits you but does no damage.
A hobgoblin comes into view.
The orc hits you from afar with a +0 trident.
The orc wizard gestures at you while chanting.
The magic dart hits you!
You die...

~
7~.###............
~~~~
7......##..#######
~~~~~77..######.##
#. g~~~~~~.## #.#
#. ~~P~~7P## #.#
##. ~PP~7~# ###.#
#.P ~~~~~o# #...#
##..
~~~77.o######.###
#... ~~
#ro@......# ##.#P
7 #.##.######
##.... #.~~~..#
##..... #P~.P~....
#.[....
#.~PP.#..(.#
#>.....
#..#####....#
#...... #.# ...#
#...... .. ..#
#.%)).. #. ...
#..)...


You could see an orc wizard, 2 orcs, a hobgoblin (wandering) and a rat.

Vanquished Creatures
  2 adders (D:2)
  A gnoll (D:3)
  A dart slug (D:1)
  5 orcs (D:3)
  8 bats
  5 endoplasms
  4 giant cockroaches
  11 goblins
  A hobgoblin (D:2)
  4 kobolds
  2 quokkas
  6 ball pythons
  2 frilled lizards (D:3)
  9 rats
61 creatures vanquished.

Notes
Turn   | Place    | Note
-------+----------+-------------------------------------------
     0 | D:1      | qw the Gargoyle Hunter began the quest for the Orb.
     0 | D:1      | Reached XP level 1. HP: 12/12 MP: 1/1
     0 | D:1      | 0 ||| qw: Version: 0.2-a-29-gc1b59c4
     0 | D:1      | 0 ||| qw: Game counter: 4692
     0 | D:1      | 0 ||| qw: Always use a shield: true
     0 | D:1      | 0 ||| qw: God list: Okawaru
     0 | D:1      | 0 ||| qw: Allow faded altars: false
     0 | D:1      | 0 ||| qw: Do Orc after D:15 true
     0 | D:1      | 0 ||| qw: Do second Lair branch before Depths: true
     0 | D:1      | 0 ||| qw: Lair rune preference: random
     0 | D:1      | 0 ||| qw: Plans: Normal, Zot:1-4, Slime:5, God:TSO, Crypt,
                  | Tomb, Abyss, Pan, Hells, Win
     0 | D:1      | 0 ||| PLANNING D:1-11
    90 | D:1      | Reached XP level 2. HP: 17/17 MP: 2/2
   253 | D:1      | Reached XP level 3. HP: 21/21 MP: 3/3
   278 | D:1      | 278 ||| Stepping ~*~*~tactically~*~*~ (outnumbered).
   283 | D:1      | 283 ||| Stepping ~*~*~tactically~*~*~ (outnumbered).
   286 | D:1      | Reached skill level 5 in Ranged Weapons
   478 | D:1      | 478 ||| UPGRADING to +6 ring of dexterity.
   479 | D:1      | 479 ||| READING scroll labelled AGETIU KEIRINN.
   480 | D:1      | 480 ||| READING scroll labelled RASENE HAM MIN.
   481 | D:1      | 481 ||| READING scroll labelled JIEDWU LIUGE.
   482 | D:1      | 482 ||| READING scroll labelled DEPTILOWKEN.
   485 | D:1      | 485 ||| READING scroll labelled IGRIANW YSTUNI.
   486 | D:1      | 486 ||| DRINKING 2 metallic orange potions.
   487 | D:1      | 487 ||| DROPPING scroll of butterflies.
   488 | D:1      | 488 ||| DROPPING potion of degeneration.
   550 | D:2      | Found Ymuz Usonn's Weapon Emporium.
   609 | D:2      | Reached skill level 3 in Fighting
   718 | D:2      | Reached XP level 4. HP: 28/28 MP: 4/4
  1269 | D:3      | Found Qoizaz's Antique Armour Shoppe.
  1299 | D:3      | 1299 ||| BUYING dyed leather armour (105 gold).
  1299 | D:3      | Bought a dyed leather armour for 105 gold pieces
  1299 | D:3      | 1299 ||| SHOPLISTING glowing helmet (157 gold, have 10).
  1388 | D:3      | Found Faots's Magic Scroll Emporium.
  1395 | D:3      | 1395 ||| SHOPLISTING scroll of brand weapon (95 gold, have
                  | 10).
  1395 | D:3      | 1395 ||| SHOPLISTING scroll of enchant armour (75 gold,
                  | have 10).
  1395 | D:3      | 1395 ||| SHOPLISTING scroll of identify (20 gold, have 10).
  1395 | D:3      | 1395 ||| SHOPLISTING scroll of teleportation (30 gold, have
                  | 10).
  1451 | D:3      | Identified the orb "Vapaz" {*channel, *Corrode Int+4 Dex+3}
  1461 | D:3      | Killed from afar by an orc wizard

Levels and vault maps discovered:
D:1:      saegor_arrival_under_anarchy, layout_basic
D:2:      layout_basic, serial_shops, nicolae_shop_bloodbath_and_beyond,
          minivault_26
D:3:      layout_rooms, nicolae_ru_great_annihilating_truth, serial_bayou,
          serial_bayou_lagoon_a, serial_bayou_lake_a, serial_bayou_pond_e,
          serial_bayou_pond_d, serial_bayou_pond_b, serial_bayou_ford_a,
          serial_shops, shop, shop

Skill      XL: |  1  2  3 |
---------------+----------+-----
Ranged Weapons | 5 |  5.6
Fighting       | 3 |  3.0
Dodging        | |  1.5
Stealth        | |  1.1

Action                     |  1- 3 |  4- 6 || total
---------------------------+-------+-------++-------
   Fire: Shortbow          |   121 |    71 ||   192
    Use: Scroll            |     5 |       ||     5
         Potion            |     1 |       ||     1
 Armour: Leather armour    |    17 |    19 ||    36
  Dodge: Dodged            |    21 |    35 ||    56

Table legend:
 A = Non-vault XP
 B = Vault XP
 C = Vault XP percentage of total XP
 D = Non-vault monster count
 E = Vault monster count
 F = Vault count percentage of total count
                 A         B        C        D         E       F
            +---------+---------+-------+---------+---------+-------
      Total |     114 |      24 |  17.4 |      55 |       6 |   9.8
            +---------+---------+-------+---------+---------+-------
        D:1 |      51 |       0 |   0.0 |      30 |       0 |   0.0
        D:2 |      48 |       0 |   0.0 |      17 |       0 |   0.0
        D:3 |      15 |      24 |  61.5 |       8 |       6 |  42.9
            +---------+---------+-------+---------+---------+-------
